 Dungeon Crawl Stone Soup version 0.30-a0-718-geaa24f58ff (webtiles) character file.

Game seed: 1905652291960006067

770 Alitron123 the Firebug (level 7, 0/56 HPs)
             Began as a Naga Fire Elementalist on Jan 24, 2023.
             Slain by an iguana (2 damage)
             ... on level 5 of the Dungeon.
             The game lasted 00:11:10 (5287 turns).

Alitron123 the Firebug (Naga Fire Elementalist)     Turns: 5287, Time: 00:11:11

Health: 0/56       AC:  7    Str: 10    XL:     7   Next: 83%
Magic:  2/15       EV: 10    Int: 17    God:
Gold:   215        SH:  5    Dex: 12    Spells: 7/16 levels left

rFire   . . .      SeeInvis +    s - +3 quarterstaff (chaos)
rCold   . . .      Faith    .    (shield currently unavailable)
rNeg    . . .      Spirit   .    a - +0 robe
rPois   +          Reflect  +    q - +1 helmet
rElec   .          Harm     .    o - +0 cloak
rCorr   .          Rampage  .    p - +0 pair of gloves
Will    .....                    (no barding)
Stlth   +++                      d - amulet of reflection
HPRegen 0.29/turn                (no ring)
MPRegen 0.14/turn                (no ring)

@: very slow
A: AC +2, large, see invisible, deformed body, poison resistance, slowness 2,
spit poison 1, naga tail 1
a: Spit Poison


You were on level 5 of the Dungeon.
You visited 1 branch of the dungeon, and saw 5 of its levels.

You collected 215 gold pieces.

Inventory:

Hand Weapons
 m - a +4 dagger
 s - a +3 quarterstaff of chaos (weapon)
Armour
 a - a +0 robe (worn)
 o - a +0 cloak (worn)
 p - a +0 pair of gloves (worn)
 q - a +1 helmet (worn)
Jewellery
 d - an amulet of reflection (around neck)
 i - an amulet of faith
Scrolls
 g - a scroll of blinking
Potions
 b - 2 potions of degeneration
 f - a potion of ambrosia
 h - a potion of flight
 j - a potion of heal wounds {unknown}
 k - a potion of resistance
 l - a potion of berserk rage
 n - a potion of curing {unknown}
 r - a potion of lignification {unknown}


   Skills:
 + Level 0.6 Fighting
 + Level 2.2 Dodging
 + Level 4.4 Stealth
 + Level 5.3 Spellcasting
 + Level 1.7 Conjurations
 + Level 5.5 Fire Magic
 + Level 2.1 Evocations


You had 7 spell levels left.
You knew the following spells:

 Your Spells              Type           Power      Damage    Failure   Level
a - Foxfire               Conj/Fire      64%        2x1d7     3%          1
b - Scorch                Fire           46%        2d7       2%          2
c - Inner Flame           Hex/Fire       13%        N/A       13%         3
d - Magic Dart            Conj           40%        1d5       7%          1
e - Searing Ray           Conj           20%        2d5       10%         2

Your spell library contained the following spells:

 Spells                   Type           Power      Damage    Failure   Level
 Kindle Blastsparks       Fire/Tloc/Air  20%        2d11      19%         3
 Flame Wave               Conj/Fire      16%        2d7       30%         4
 Fulminant Prism          Conj/Hex       3%         3d5       67%         4


Dungeon Overview and Level Annotations

Branches:
Dungeon (5/15)
 Temple: D:4-7

Altars:
Okawaru
Xom
Yredelemnul
Zin

Shops:
D:4 *

Annotations:
D:5 Pikel


Innate Abilities, Weirdness & Mutations

Your serpentine skin is tough. (AC +2)
You have supernaturally acute eyesight. (SInv)
Armour fits poorly on your strangely shaped body.
Your system is resistant to poisons. (rPois)
You cover ground very slowly.
You can spit poison.
You have a snake-like lower body.


Message History

* * * LOW HITPOINT WARNING * * *
The dart slug launches a dart at you. The slug dart hits you.
* * * LOW HITPOINT WARNING * * *
The dart slug closely misses you. You block the dart slug's attack.
The dart slug closely misses you.
Casting: Foxfire (safe; 3% risk of failure)
Confirm with . or Enter, or press ? or * to list all spells.
Flames lash the dart slug.
The dart slug is lightly wounded.
The dart slug's fire resistance burns away.
An iguana comes into view.
The dart slug launches a dart at you.
The slug dart hits you but does no damage.
Casting: Scorch (safe; 2% risk of failure)
Confirm with . or Enter, or press ? or * to list all spells.
Flames lash the dart slug.
The dart slug is burned terribly!
You kill the dart slug!
Found a silvery potion.
Casting: Scorch (safe; 2% risk of failure)
Confirm with . or Enter, or press ? or * to list all spells.
Flames lash the iguana.
The iguana is lightly wounded.
The iguana's fire resistance burns away.
The iguana bites you but does no damage.
The iguana attacks as you move away! You block the iguana's attack.
An adder comes into view.
The iguana bites you but does no damage.
Casting: Scorch (safe; 2% risk of failure)
Confirm with . or Enter, or press ? or * to list all spells.
You don't have enough magic to cast this spell.
The iguana is no longer more vulnerable to fire.
The iguana closely misses you. The iguana bites you!
* * * LOW HITPOINT WARNING * * *
The iguana bites you.
* * * LOW HITPOINT WARNING * * *
The iguana attacks as you move away! The iguana bites you.
You die...

.... .... .....
########## .....
#........##.
......#...........
......#.@.........
#......l..........
#.!...............
####.####........#
## ###.###### ##


You could see an iguana.

Vanquished Creatures
  Sigmund (D:2)
  A necrophage (D:4)
  2 scorpions
  A howler monkey (D:4)
  Crazy Yiuf (D:4)
  A jelly (D:3)
  2 iguanas
  Natasha (thrice) (D:3)
  Robin (D:4)
  2 gnolls (D:3)
  9 adders
  8 worms
  6 dart slugs
  An orc (D:3)
  5 ball pythons
  2 bats (D:3)
  5 endoplasms
  4 giant cockroaches
  2 hobgoblins
  3 jackals
  2 quokkas
  6 frilled lizards
  13 goblins
  5 kobolds
  5 rats
91 creatures vanquished.

Vanquished Creatures (others)
  41 foxfires
41 creatures vanquished.

Grand Total: 132 creatures vanquished

Notes
Turn   | Place    | Note
-------+----------+-------------------------------------------
     0 | D:1      | Alitron123 the Naga Fire Elementalist began the quest for
                  | the Orb.
     0 | D:1      | Reached XP level 1. HP: 15/15 MP: 3/3
   455 | D:1      | Reached XP level 2. HP: 18/22 MP: 0/5
   561 | D:1      | Learned a level 2 spell: Scorch
  1403 | D:2      | Reached XP level 3. HP: 24/28 MP: 0/6
  1825 | D:2      | Noticed Sigmund
  1832 | D:2      | HP: 1/28 [constriction (4)]
  1833 | D:2      | Killed Sigmund
  1834 | D:2      | Reached XP level 4. HP: 1/37 MP: 2/9
  1834 | D:2      | Reached XP level 5. HP: 1/43 MP: 2/10
  2533 | D:3      | Reached XP level 6. HP: 46/50 MP: 6/12
  2777 | D:3      | Noticed Natasha
  2785 | D:3      | Killed Natasha
  3336 | D:3      | Noticed Natasha
  3345 | D:3      | Killed Natasha
  3352 | D:3      | Noticed Natasha
  3533 | D:3      | Killed Natasha
  3899 | D:4      | Found an iron altar of Okawaru.
  3901 | D:4      | Found a basalt altar of Yredelemnul.
  3983 | D:4      | Reached skill level 5 in Fire Magic
  3983 | D:4      | Reached XP level 7. HP: 56/56 MP: 4/14
  4150 | D:4      | Noticed Robin
  4155 | D:4      | Killed Robin
  4198 | D:4      | Found Zin's Purification Station.
  4203 | D:4      | Found a glowing silver altar of Zin.
  4309 | D:4      | Found a runed translucent door.
  4310 | D:4      | Noticed Crazy Yiuf
  4353 | D:4      | Reached skill level 5 in Spellcasting
  4600 | D:4      | Found a shimmering altar of Xom.
  4930 | D:4      | Learned a level 3 spell: Inner Flame
  4932 | D:4      | Learned a level 1 spell: Magic Dart
  4935 | D:4      | Learned a level 2 spell: Searing Ray
  5065 | D:4      | Killed Crazy Yiuf
  5066 | D:4      | Reached skill level 1 in Evocations
  5176 | D:5      | Entered Level 5 of the Dungeon
  5234 | D:5      | Noticed Pikel
  5286 | D:5      | HP: 2/56 [iguana (4)]
  5287 | D:5      | Slain by an iguana

Illustrated notes

Levels and vault maps discovered:
D:1:      beargit_arrival_greenhouse, layout_loops_corners,
          kennysheep_small_spiral, minmay_misc_feat_five
D:2:      layout_basic, corexii_corridor_pit, uniq_sigmund
D:3:      minmay_razor_zed, layout_rooms, uniq_natasha
D:4:      layout_cave_pools, mainiacjoe_overflow_catwalk_spiral, zin_purify,
          mainiacjoe_overflow_alcove_4, nicolae_wormholes, uniq_robin,
          uniq_crazy_yiuf_cottage
D:5:      layout_cave_pods, uniq_pikel

Skill      XL: |  1  2  3  4  5  6  7 |
---------------+----------------------+-----
Stealth        | 4 |  4.4
Spellcasting   | 3 4 5 |  5.3
Fire Magic     | 4 5 |  5.5
Dodging        | 2 |  2.2
Evocations     | 2 |  2.1
Fighting       | |  0.6
Conjurations   | |  1.7

Action                     |  1- 3 |  4- 6 |  7- 9 || total
---------------------------+-------+-------+-------++-------
  Melee: Unarmed           |     1 |       |       ||     1
         Quarterstaff      |       |       |     2 ||     2
   Cast: Foxfire           |    18 |     7 |     1 ||    26
         Scorch            |    17 |    55 |    34 ||   106
  Evoke: Wand              |       |     7 |    14 ||    21
    Use: Potion            |     1 |     4 |       ||     5
         Scroll            |       |    13 |     2 ||    15
 Armour: Robe              |       |    29 |     9 ||    38
  Dodge: Dodged            |    16 |    40 |     9 ||    65
  Block: Other             |       |       |     3 ||     3

Table legend: (Time is in decaauts)
 A = Elapsed time spent in this place.
 B = Non-inter-level travel time spent in this place.
 C = Inter-level travel time spent in this place.
 D = Time resting spent in this place.
 E = Time spent auto-exploring this place.
 F = Levels seen in this place.
 G = Mean time per level.
                   A        B        C        D        E       F      G
               +--------+--------+--------+--------+--------+-----+--------+
         Total |   6526 |   6024 |    502 |      0 |   5132 |   5 | 1305.2 |
       Dungeon |   6526 |   6024 |    502 |      0 |   5132 |   5 | 1305.2 |
               +--------+--------+--------+--------+--------+-----+--------+

Top non-repeatable levels by time:
     D:1: 1633 daAuts
     D:4: 1601 daAuts
     D:2: 1597 daAuts
     D:3: 1568 daAuts
     D:5: 125 daAuts
